 Dungeon Crawl Stone Soup version 0.20.1-1-g8b1a95d (webtiles) character file.

550 digijack the Changer (level 7, -4/53 HPs)
             Began as a Hill Orc Wanderer on Nov 4, 2017.
             Was an Initiate of Beogh.
             Killed from afar by an electric eel (9 damage)
             ... with a bolt of electricity
             ... on level 5 of the Dungeon on Nov 5, 2017.
             The game lasted 00:53:14 (6347 turns).

digijack the Changer (Hill Orc Wanderer)            Turns: 6347, Time: 00:53:15

Health: -4/53      AC:  4    Str: 14    XL:     7   Next: 29%
Magic:  10/11      EV: 11    Int: 20    God:    Beogh [......]
Gold:   177        SH:  0    Dex:  8    Spells: 1/11 levels left

rFire    . . .     SeeInvis .   i - +1 dagger (protect)
rCold    . . .     Gourm    .   (no shield)
rNeg     . . .     Faith    .   d - +1 robe
rPois    .         Spirit   .   h - +0 helmet
rElec    .         Reflect  .   (no cloak)
rCorr    .         Harm     .   (no gloves)
MR       .....                  (no boots)
Stlth    +.........             (no amulet)
Regen    0.2/turn               e - +3 ring of intelligence
MPRegen  0.2/turn               (no ring)

@: no status effects
A: no striking features
a: Renounce Religion


You were on level 5 of the Dungeon.
You worshipped Beogh.
Beogh was noncommittal.
You were not hungry.

You visited 1 branch of the dungeon, and saw 5 of its levels.

You collected 177 gold pieces.

Inventory:

Hand Weapons
 i - a +1 dagger of protection (weapon)
Missiles
 g - 16 stones (quivered)
Armour
 d - a +1 robe (worn)
 h - a +0 helmet (worn)
Jewellery
 e - a +3 ring of intelligence (left hand)
Wands
 c - a wand of flame (19/48)
Scrolls
 j - 2 scrolls of remove curse
 k - 3 scrolls of identify
 m - a scroll of teleportation
Books
 a - a book of Geomancy

   Spells                             Type                      Level
   a - Sandblast                      Earth                        1
   b - Passwall                       Transmutation/Earth          2
   c - Stone Arrow                    Conjuration/Earth            3
   d - Petrify                        Transmutation/Earth          4
   e - Lee's Rapid Deconstruction     Earth                        5
 b - Lammiv's Almanac of the Arsonist

   Spells                             Type                      Level
   a - Flame Tongue                   Conjuration/Fire             1
   b - Ignite Poison                  Fire/Transmutation/Poison    3
 f - a book of Necromancy

   Spells                             Type                      Level
   a - Pain                           Necromancy                   1
   b - Animate Skeleton               Necromancy                   1
   c - Vampiric Draining              Necromancy                   3
   d - Regeneration                   Charms/Necromancy            3
   e - Animate Dead                   Necromancy                   4
   f - Control Undead                 Necromancy                   4


   Skills:
 - Level 1.7 Fighting
 + Level 2.2 Short Blades
   Level 0.2 Maces & Flails
 + Level 2.7 Spellcasting
 + Level 2.4 Conjurations
 - Level 1.0 Necromancy
 + Level 3.4 Transmutations
 * Level 3.3 Fire Magic
 * Level 3.4 Earth Magic
 - Level 2.0 Evocations


You had one spell level left.
You knew the following spells:

 Your Spells              Type           Power        Failure   Level  Hunger
a - Flame Tongue          Conj/Fire      ##...        4%          1    None
b - Sandblast             Erth           ###...       3%          1    None
c - Passwall              Tmut/Erth      ###.......   5%          2    ##.....
d - Stone Arrow           Conj/Erth      ##....       13%         3    ###....
e - Regeneration          Chrm/Necr      #.........   34%         3    ###....


Dungeon Overview and Level Annotations

Branches:
Dungeon (5/15)
 Temple: D:4-7

Altars:
The Shining One

Annotations:
D:2 Natasha


Message History

The bolt of electricity hits the plant.
There is an open door here.
Casting: Flame Tongue
Confirm with . or Enter, or press ? or * to list all spells.
Aiming: Flame Tongue
Press: ? - help, Shift-Dir - straight line, f - electric eel
Aim: an electric eel The flame tongue hits the electric eel.
The electric eel is severely wounded.
The electric eel is engulfed in a cloud of scalding steam.
You kill the electric eel!
Beogh accepts your kill.
The electric eel shoots out a bolt of lightning at you!
The bolt of electricity hits you! The bolt of electricity misses you.
The bolt of electricity hits the plant.
The electric eel shoots out a bolt of lightning at you!
The bolt of electricity hits you!
* * * LOW HITPOINT WARNING * * *
The bolt of electricity hits you!
You die...

####. .## #. ..#.. ..#
#. #.#.# #.# #. #.#.#
#.############# #.
#.#.###.#............
#.##....)..#.###########
...........#.#8P#§;≈≈≈≈≈
..#..........#..#..≈≈P≈≈
..<.........©#..@..P♣≈≈
##.#.........#..#..≈≈≈≈≈
...........#.#8P#;≈≈≈≈≈≈
##.#.#######.###########
#.#.# #............
#.#.# #############
#.#.# #.#.#


You could see 2 electric eels.

Vanquished Creatures
  A phantom (D:4)
  A howler monkey (D:4)
  An electric eel (D:5)
  A hound (D:4)
  A centaur skeleton (D:4)
  Jessica (D:2)
  Natasha (D:2)
  An orc wizard (D:4)
  3 worker ants (D:4)
  A howler monkey skeleton (D:4)
  6 adders
  3 gnolls (D:3)
  2 oozes
  A worm (D:4)
  A dart slug (D:1)
  2 leopard geckos
  8 orcs (D:4)
  13 bats
  A giant cockroach (D:4)
  6 goblins
  7 hobgoblins
  3 jackals (D:4)
  A quokka (D:3)
  6 frilled lizards
  2 jackal skeletons (D:4)
  3 kobolds
  9 rats
86 creatures vanquished.

Notes
Turn   | Place    | Note
-------+----------+-------------------------------------------
     0 | D:1      | digijack the Hill Orc Wanderer began the quest for the Orb.
     0 | D:1      | digijack set off with: a book of Geomancy, Lammiv's Almanac of the Arsonist, a potion of lignification, a +0 robe, a +0 club, a bread ration
     0 | D:1      | Reached XP level 1. HP: 14/14 MP: 3/3
     2 | D:1      | Learned a level 1 spell: Flame Tongue
   305 | D:1      | Reached XP level 2. HP: 22/22 MP: 0/4
   432 | D:1      | Learned a level 1 spell: Sandblast
   435 | D:1      | Learned a level 2 spell: Passwall
   793 | D:1      | Identified Lammiv's Almanac of the Arsonist
  1000 | D:1      | Reached skill level 1 in Fighting
  1059 | D:1      | Reached XP level 3. HP: 28/28 MP: 4/6
  1294 | D:2      | Reached skill level 1 in Conjurations
  1375 | D:2      | Noticed Natasha
  1385 | D:2      | Killed Natasha
  1385 | D:2      | Reached skill level 1 in Fire Magic
  1385 | D:2      | Reached XP level 4. HP: 22/35 MP: 1/7
  1606 | D:2      | Learned a level 3 spell: Stone Arrow
  1631 | D:2      | Noticed Jessica
  1634 | D:2      | Killed Jessica
  1707 | D:2      | Noticed Natasha
  2753 | D:3      | Reached XP level 5. HP: 15/41 MP: 0/8
  3670 | D:3      | Reached skill level 1 in Short Blades
  3931 | D:4      | Noticed a phantom
  4006 | D:4      | Found a glowing golden altar of the Shining One.
  4028 | D:4      | Got a pitted spear
  4057 | D:4      | Reached XP level 6. HP: 27/48 MP: 0/9
  4304 | D:4      | Killed a phantom
  4431 | D:4      | Learned a level 3 spell: Regeneration
  4748 | D:4      | Reached XP level 7. HP: 53/53 MP: 7/10
  5828 | D:4      | Became a worshipper of Beogh the Brigand
  6324 | D:5      | Entered Level 5 of the Dungeon
  6327 | D:5      | Found a transporter.
  6347 | D:5      | Killed from afar by an electric eel

Skill      XL: |  1  2  3  4  5  6 |
---------------+-------------------+-----
Spellcasting   | 2 |  2.7
Transmutations | 3 |  3.4
Fighting       | 1 |  1.7
Conjurations   | 1 2 |  2.4
Fire Magic     | 1 2 3 |  3.3
Earth Magic    | 2 3 |  3.4
Short Blades   | 1 2 |  2.2
Maces & Flails | |  0.2
Necromancy     | |  1.0
Evocations     | |  2.0

Action                   |  1- 3 |  4- 6 |  7- 9 || total
-------------------------+-------+-------+-------++-------
Melee: Club              |    25 |       |       ||    25
       Dagger            |     4 |    79 |    30 ||   113
 Cast: Flame Tongue      |    48 |    55 |    34 ||   137
       Passwall          |     2 |       |       ||     2
       Sandblast         |     2 |       |       ||     2
       Stone Arrow       |       |    25 |     3 ||    28
       Regeneration      |       |       |     2 ||     2
Invok: Convert to Beogh  |       |       |     1 ||     1
  Use: Potion            |     1 |     1 |       ||     2
       Scroll            |     1 |    10 |       ||    11
 Stab: Distracted        |       |     1 |       ||     1
  Eat: Bread ration      |     1 |     1 |     1 ||     3
       Chunk             |       |     5 |     4 ||     9
       Fruit             |       |     4 |       ||     4
Armor: Robe              |    17 |    47 |    20 ||    84
Dodge: Dodged            |    41 |    72 |    20 ||   133
